AoeStats
← Erick14mar

African Clearing

510525273Analyzed
2v2 RM · 2d ago on Oct 1, 2026· 52m 46s· 4 players
Game mode
Random Map
Map size
Medium (4 player)
Population
200
Speed
Normal
Resources
Standard
Victory
Conquest
Starting age
Dark Age
Ending age
Imperial Age
RankedLock teamsTeams togetherTeam positionsShared explorationLock speedFull tech treeHidden civsTurbo modeCheats
Victory
Defeat
🇨🇳 Mongols · China
1401
+15
🇵🇪 Celts · Peru
1375
+16
🇨🇳 Varangians · China
1405
-17
1339
-14
Erick14mar
7:10 Loom
13:36 Feudal Age
15:35 Forging
17:35 Castle Age
24:14 Double-Bit Axe
28:10 Fletching
28:08 Horse Collar
37:54 Bodkin Arrow
39:53 Forging
39:43 Scale Mail Armor
39:44 Padded Archer Armor
42:32 Scale Barding Armor
45:22 Chain Barding Armor
45:38 Iron Casting
47:56 Imperial Age
46:03 Wheelbarrow
45:14 Town Watch
47:09 Hand Cart
47:37 Bow Saw
47:20 Gold Mining
47:21 Stone Mining
48:24 Iron Casting
47:31 Pikeman
47:57 Arson
48:39 Chain Mail Armor
48:28 Gambesons
48:28 Arson
51:13 Blast Furnace
51:08 Gold Shaft Mining
51:08 Stone Shaft Mining
51:20 Plate Mail Armor
51:05 Leather Archer Armor
51:45 Conscription
50:56 Sappers
52:01 Hoardings
52:41 Furor Celtica
sam666
5:23 Loom
8:43 Loom
12:29 Feudal Age
10:47 Loom
12:33 Feudal Age
16:41 Castle Age
14:46 Double-Bit Axe
17:40 Bow Saw
21:41 Fletching
25:02 Horse Collar
26:03 Bodkin Arrow
28:28 Wheelbarrow
28:22 Husbandry
28:33 Bloodlines
29:22 Heavy Plow
29:30 Padded Archer Armor
31:06 Leather Archer Armor
31:03 Bloodlines
31:58 Ballistics
32:33 Hand Cart
32:50 Thumb Ring
36:24 Imperial Age
33:51 Fishing Lines
35:33 Town Watch
37:08 Coinage
37:33 Conscription
37:03 Elite Mangudai
38:52 Chemistry
37:58 Bracer
40:01 Drill
40:17 Hoardings
40:44 Parthian Tactics
41:55 Capped Ram
42:01 Light Cavalry
42:48 Scale Barding Armor
42:53 Forging
43:17 Hussar
43:50 Siege Ram
45:08 Chain Barding Armor
45:24 Iron Casting
48:26 Siege Engineers
48:32 Fortified Wall
50:11 Blast Furnace
49:43 Elite Steppe Lancer
52:28 Town Patrol
梅干菜你个小酥饼哦!
3:16 Loom
13:01 Feudal Age
14:09 Double-Bit Axe
14:29 Horse Collar
16:29 Wheelbarrow
17:10 Bloodlines
23:57 Castle Age
21:55 Gold Mining
21:55 Stone Mining
23:12 Fletching
23:22 Padded Archer Armor
25:20 Gold Shaft Mining
26:02 Bodkin Arrow
38:04 Bow Saw
46:31 Hand Cart
喜足天
10:05 Loom
10:21 Loom
12:34 Feudal Age
13:20 Double-Bit Axe
13:17 Horse Collar
14:53 Bloodlines
14:26 Horse Collar
18:15 Scale Barding Armor
19:40 Forging
25:06 Castle Age
23:49 Gold Mining
24:48 Stone Mining
25:59 Wheelbarrow
26:21 Chain Barding Armor
26:02 Husbandry
26:41 Bow Saw
29:52 Iron Casting
35:01 Stone Shaft Mining
34:32 Heavy Plow
34:52 Hand Cart
35:25 Town Watch
38:44 Fletching
38:55 Padded Archer Armor
41:27 Imperial Age
38:57 Elite Skirmisher
39:34 Bodkin Arrow
41:36 Leather Archer Armor
41:42 Ballistics
42:10 Bracer
42:34 Conscription
43:40 Chemistry
42:22 Treadmill Crane
43:06 Light Cavalry
43:30 Cavalier
45:20 Plate Barding Armor
45:45 Blast Furnace
47:58 Hussar
Connection lost

Rejoining the realm…

Still unreachable

The connection could not be restored.

Session expired

The server has moved on; the page needs a fresh start.